 Dungeon Crawl Stone Soup version 0.30.1-4-g462c640d31 (webtiles) character file.

Game seed: 10510463240919125512

61 Anriel the Ducker (level 4, -1/34 HPs)
             Began as a Human Gladiator on Aug 17, 2023.
             Killed from afar by Natasha (19 damage)
             ... with a bolt of dispelling energy
             ... on level 3 of the Dungeon.
             The game lasted 00:07:56 (1575 turns).

Anriel the Ducker (Human Gladiator)                 Turns: 1575, Time: 00:07:56

Health: -1/34      AC:  7    Str: 15    XL:     4   Next: 27%
Magic:  4/4        EV: 11    Int:  8    God:
Gold:   114        SH:  0    Dex: 16    Spells: 3/3 levels left

rFire   . . .        a - +1 long sword
rCold   . . .        (no shield)
rNeg    . . .        j - +0 ring mail
rPois   .            c - +1 helmet
rElec   .            (no cloak)
rCorr   .            (no gloves)
SInv    .            (no boots)
Will    .....        (no amulet)
Stlth   +            (no ring)
HPRegen 0.25/turn    (no ring)
MPRegen 0.09/turn

%: no passive effects
@: slowed, very slow
A: no striking features
a: no special abilities


You were on level 3 of the Dungeon.
You visited 1 branch of the dungeon, and saw 3 of its levels.

You collected 114 gold pieces.

Inventory:

Hand Weapons
 a - a +1 long sword (weapon)
Missiles
 d - 3 throwing nets
 g - a poisoned dart (quivered)
 h - 2 atropa-tipped darts
Armour
 c - a +1 helmet (worn)
 j - a +0 ring mail (worn)
Jewellery
 p - a ring of ice
Wands
 i - a wand of polymorph (3)
Scrolls
 b - a scroll of torment {unknown}
 e - a scroll of blinking {unknown}
 f - a scroll of fog
 k - 3 scrolls of poison
 l - 2 scrolls of fear
 q - a scroll of identify
 r - a scroll of immolation
Potions
 m - a potion of mutation
 n - 2 potions of cancellation
 o - a potion of magic {unknown}


   Skills:
 + Level 2.7 Fighting
 - Level 3.0 Long Blades
 + Level 2.6 Throwing
 * Level 2.4 Armour
 - Level 3.0 Dodging


You had 3 spell levels left.
You didn't know any spells.
Your spell library contained the following spells:

 Spells                   Type           Power      Damage    Failure   Level
 Freeze                   Ice            0%         1d3       63%         1
 Blink                    Tloc           0%         N/A       77%         2
 Ensorcelled Hibernation  Hex/Ice        0%         N/A       77%         2
 Call Canine Familiar     Summ           0%         N/A       94%         3
 Frozen Ramparts          Ice            0%         1d1       94%         3
 Hailstorm                Conj/Ice       0%         3d3       94%         3
 Portal Projectile        Hex/Tloc       0%         N/A       94%         3
 Spider Form              Tmut/Pois      0%         N/A       94%         3
 Anguish                  Hex/Necr       0%         N/A       100%        4
 Leda's Liquefaction      Hex/Erth       0%         N/A       100%        4
 Manifold Assault         Tloc           0%         N/A       100%        4
 Storm Form               Tmut/Air       0%         N/A       100%        7


Dungeon Overview and Level Annotations

Branches:
Dungeon (3/15)

Altars:
Uskayaw

Annotations:
D:3 Natasha


Message History

g - 4 poisoned darts (gained 2)
Found a stone staircase leading up.
You see here a scroll of immolation.
r - a scroll of immolation Natasha, Servant of Life and Death comes into view.
She is carrying a wand of quicksilver (7).
Natasha hisses angrily.
Natasha casts a spell at you. The magic dart hits you!
Throw: 4 darts (poison)
Press: ? - help, Q - select action, (/) - cycle Shift-Dir - straight line, f - Natasha
Aim: Natasha, carrying a wand of quicksilver (7) (55% to hit)
You throw a poisoned dart.
The poisoned dart closely misses Natasha.
Throw: 3 darts (poison)
Press: ? - help, Q - select action, (/) - cycle Shift-Dir - straight line, f/p - Natasha
Aim: Natasha, carrying a wand of quicksilver (7) (55% to hit)
You throw a poisoned dart. The poisoned dart hits Natasha!
Natasha is poisoned.
Natasha howls an incantation.
Natasha glows brightly for a moment.
Natasha zaps a wand.
The bolt of dispelling energy misses you.
Throw: 2 darts (poison)
Press: ? - help, Q - select action, (/) - cycle Shift-Dir - straight line, f/p - Natasha
Aim: Natasha, carrying a wand of quicksilver (6) (very poisoned, 55% to hit)
You throw a poisoned dart.
The poisoned dart closely misses Natasha.
Natasha zaps a wand.
The bolt of dispelling energy misses you.
Natasha stares at you and mumbles some strange words.
You feel yourself slow down.
You hit Natasha.
Natasha is lightly wounded.
Natasha zaps a wand.
The bolt of dispelling energy hits you!
Your magical effects are unravelling.
Natasha howls an incantation.
Natasha's front paws start to glow.
Natasha zaps a wand.
The bolt of dispelling energy hits you!!
Ouch! That really hurt!
You die...

#......##....##
#......##.....#
#.............#
#####........(.......#
#........##..........#
#........##.........<#
#........##..........#
#........##..........#
#....@...##..........#
#.....h..##..........#
#......(## #......(#
#######.# .# .# .#


You could see Natasha (poisoned).

Vanquished Creatures
  2 adders
  2 worms (D:2)
  A dart slug (D:2)
  3 orcs (D:2)
  4 endoplasms
  A giant cockroach (D:2)
  3 goblins (D:2)
  4 hobgoblins
  A quokka (D:3)
  4 ball pythons
  4 bats
  3 kobolds
  A rat (D:1)
33 creatures vanquished.

Notes
Turn   | Place    | Note
-------+----------+-------------------------------------------
     0 | D:1      | Anriel the Human Gladiator began the quest for the Orb.
     0 | D:1      | Reached XP level 1. HP: 16/16 MP: 1/1
   545 | D:2      | Reached XP level 2. HP: 22/22 MP: 2/2
   562 | D:2      | Reached skill level 1 in Armour
   912 | D:2      | Reached XP level 3. HP: 7/28 MP: 3/3
  1497 | D:3      | Reached XP level 4. HP: 34/34 MP: 4/4
  1512 | D:3      | Found a hide-covered altar of Uskayaw.
  1568 | D:3      | Noticed Natasha
  1575 | D:3      | Killed from afar by Natasha

Illustrated notes

Levels and vault maps discovered:
D:1:      heliophobic_arrival_henge, layout_rooms, minivault_25
D:2:      layout_basic
D:3:      layout_basic, nicolae_uskayaw_dance_hall, uniq_grinder, uniq_natasha

Skill      XL: |  1  2  3 |
---------------+----------+-----
Armour         | 1 2 |  2.4
Fighting       | |  2.7
Long Blades    | |  3.0
Throwing       | |  2.6
Dodging        | |  3.0

Action                     |  1- 3 |  4- 6 || total
---------------------------+-------+-------++-------
  Melee: Long sword        |    70 |     6 ||    76
         Punch             |     1 |       ||     1
  Throw: Dart              |    19 |     7 ||    26
         Throwing net      |     3 |       ||     3
         Javelin           |     1 |       ||     1
    Use: Scroll            |    11 |       ||    11
   Stab: Held in net/web   |     2 |       ||     2
 Armour: Leather armour    |    11 |       ||    11
         Ring mail         |     9 |       ||     9
  Dodge: Dodged            |    36 |     3 ||    39
